 Dungeon Crawl Stone Soup version 0.25.1-2-g60ff931df9 (webtiles) character file.

Game seed: 9107640170388221063

504 Cazemata the Carver (level 6, -3/51 HPs)
             Began as a Minotaur Berserker on Oct 26, 2020.
             Was a Priest of Trog.
             Slain by a phantom (6 damage)
             ... on level 4 of the Dungeon on Oct 27, 2020.
             The game lasted 00:20:41 (3326 turns).

Cazemata the Carver (Minotaur Berserker)            Turns: 3326, Time: 00:20:42

Health: -3/51      AC:  3    Str: 24    XL:     6   Next: 96%
Magic:  5/5        EV: 12    Int:  4    God:    Trog [***...]
Gold:   203        SH:  0    Dex:  9    Spells: 5/5 levels left

rFire    . . .     SeeInvis .   a - +1 falchion
rCold    . . .     Gourm    .   (no shield)
rNeg     . . .     Faith    .   j - +0 leather armour
rPois    .         Spirit   .   (helmet restricted)
rElec    .         Reflect  .   (no cloak)
rCorr    .         Harm     .   (no gloves)
MR       .....                  (no boots)
Stlth    +.........             (no amulet)
HPRegen  0.17/turn              (no ring)
MPRegen  0.09/turn              (no ring)

@: berserk cooldown, stab
A: retaliatory headbutt, horns 2
a: Berserk, Trog's Hand, Renounce Religion


You were on level 4 of the Dungeon.
You worshipped Trog.
Trog was most pleased with you.
You were not hungry.

You visited 1 branch of the dungeon, and saw 4 of its levels.

You collected 203 gold pieces.

Inventory:

Hand Weapons
 a - a +1 falchion (weapon)
Missiles
 i - 20 poisoned darts (quivered)
Armour
 b - a +1 animal skin
 h - a scarf of harm
 j - a +0 leather armour (worn)
Wands
 f - a wand of iceblast (8)
Scrolls
 d - a scroll of enchant armour
 e - a scroll of fog
 k - a scroll of identify
 n - a scroll of blinking {unknown}
Potions
 l - a potion of brilliance {unknown}
 p - a potion of cancellation {unknown}
Comestibles
 c - 6 rations
 o - a chunk of flesh


   Skills:
 - Level 3.6 Fighting
 + Level 9.5 Long Blades
 - Level 2.4 Armour
 - Level 2.1 Dodging


You had 5 spell levels left.
You didn't know any spells.
Your spell library was empty.

Dungeon Overview and Level Annotations

Branches:
Dungeon (4/15)
 Temple: D:4-7

Altars:
Ashenzari
Wu Jian


Innate Abilities, Weirdness & Mutations

You reflexively headbutt those who attack you in melee.
You have a pair of horns on your head.


Message History

The phantom hits you.
The phantom blinks!
You hit the phantom. Your headbutt misses the phantom.
The phantom is lightly damaged.
The phantom hits you.
* * * LOW HITPOINT WARNING * * *
You slash the phantom!
The phantom is heavily damaged.
You feel yourself speed up. The phantom hits you.
* * * LOW HITPOINT WARNING * * *
The phantom hits you!
* * * LOW HITPOINT WARNING * * *
The phantom blinks!
Your leather armour prevents you from hitting the phantom.
Your headbutt misses the phantom.
The phantom is heavily damaged.
You barely miss the phantom.
The phantom is heavily damaged.
The phantom hits you.
You die...

##..## ### #....####.. ###
##...##..#..
##.###........#..
####...#............
###≈≈≈#..##.......#...
##≈≈.≈≈##.........##...
#≈≈♣.♣≈≈#...###.#......
#≈..$.@≈#....####......
#≈≈♣.♣W≈#.....##......# .
##≈≈.≈≈##.#.#.###.....#
... ##≈.≈##..###..........
.....##†####.....##......#
........................##
......####....##<....#. #
.....# #....†.# ... . ..#
..##.#......#........ #..


You could see a phantom.

Vanquished Creatures
  The ghost of SkiLLzEr0 the Chopper, an amateur MiFi (D:3)
  An ice beast (D:4)
  2 orc priests (D:3)
  An orc wizard (D:3)
  2 worker ants
  A hound skeleton (D:2)
  4 adders
  An ooze (D:2)
  3 worms
  3 leopard geckos
  6 orcs (D:3)
  3 ball pythons
  5 giant cockroaches
  4 goblins
  5 hobgoblins
  2 quokkas
  11 bats
  3 frilled lizards
  10 kobolds
  9 rats
77 creatures vanquished.

Notes
Turn   | Place    | Note
-------+----------+-------------------------------------------
     0 | D:1      | Cazemata the Minotaur Berserker began the quest for the
                  | Orb.
     0 | D:1      | Reached XP level 1. HP: 19/19 MP: 0/0
    81 | D:1      | Reached skill level 4 in Long Blades
   151 | D:1      | Reached XP level 2. HP: 19/26 MP: 1/1
   448 | D:1      | Reached ** piety under Trog
   448 | D:1      | Reached skill level 5 in Long Blades
   646 | D:1      | Reached XP level 3. HP: 26/31 MP: 2/2
  1127 | D:2      | Reached skill level 6 in Long Blades
  1127 | D:2      | Reached XP level 4. HP: 22/39 MP: 3/3
  1728 | D:3      | Noticed SkiLLzEr0's ghost (amateur MiFi)
  1742 | D:3      | Reached skill level 7 in Long Blades
  1742 | D:3      | Reached XP level 5. HP: 42/45 MP: 4/4
  2296 | D:3      | Found an ornate altar of the Wu Jian Council.
  2301 | D:3      | Found a shattered altar of Ashenzari.
  2740 | D:3      | Found a runed translucent gate.
  2740 | D:3      | Found a runed translucent gate.
  2740 | D:3      | Found a runed translucent gate.
  2799 | D:3      | Killed SkiLLzEr0's ghost
  2799 | D:3      | Reached skill level 8 in Long Blades
  2799 | D:3      | Reached XP level 6. HP: 37/51 MP: 5/5
  3239 | D:4      | Reached skill level 9 in Long Blades
  3285 | D:4      | Noticed an ice beast
  3298 | D:4      | Killed an ice beast
  3301 | D:4      | HP: 2/76 [quokka (2)]
  3302 | D:4      | Reached *** piety under Trog
  3323 | D:4      | HP: 2/51 [phantom (9)]
  3326 | D:4      | Slain by a phantom

Illustrated notes

Levels and vault maps discovered:
D:1:      lemuel_arrival_tunnels, layout_loops_ring
D:2:      layout_basic
D:3:      layout_loops_corners, minitemple, first_ration, gammafunk_ghost_split
D:4:      layout_cave_pools, kennysheep_small_circle

Skill      XL: |  1  2  3  4  5  6 |
---------------+-------------------+-----
Long Blades    | 4 5 6 7 8 9 |  9.5
Fighting       | |  3.6
Armour         | |  2.4
Dodging        | |  2.1

Action                   |  1- 3 |  4- 6 || total
-------------------------+-------+-------++-------
Melee: Falchion          |    68 |    96 ||   164
       Headbutt          |     7 |    16 ||    23
Throw: Dart              |       |     3 ||     3
Invok: Berserk           |       |     2 ||     2
  Use: Scroll            |     4 |     1 ||     5
       Potion            |       |     2 ||     2
 Stab: Sleeping          |     1 |       ||     1
  Eat: Chunk             |       |     6 ||     6
       Ration            |       |     1 ||     1
Armor: Animal skin       |    19 |     2 ||    21
       Leather armour    |       |    12 ||    12
Dodge: Dodged            |    61 |    48 ||   109
       Rpst.: Falchion   |    24 |    15 ||    39
